 Dungeon Crawl Stone Soup version 0.29-a0-275-g389c0b56f3 (webtiles) character file.

Game seed: 6300920322295633778

216721 freelancePsychic the Marksfrog (level 17, -1/102 (142) HPs)
             Began as a Barachi Hunter on Mar 12, 2022.
             Was the Champion of Ru.
             Shot with a bolt by a yaktaur (20 damage)
             ... led by a vault warden
             ... on level 2 of the Vaults.
             The game lasted 01:18:20 (28979 turns).

freelancePsychic the Marksfrog (Barachi Hunter)    Turns: 28979, Time: 01:18:21

HP:   -1/102 (142)  AC: 19    Str: 18    XL:     17   Next: 6%
MP:   31/31         EV: 19    Int: 18    God:    Ru [******]
Gold: 1396          SH:  0    Dex: 27    Spells: 20/36 levels left

rFire   + . .      SeeInvis .   E - +2 longbow (freeze)
rCold   + . .      Faith    .   (shield currently unavailable)
rNeg    . . .      Spirit   .   Q - +1 ring mail {rF+}
rPois   +          Reflect  .   S - +1 hat of Hairiness {Str+4}
rElec   .          Harm     .   q - +2 cloak
rCorr   .          Rampage  .   e - +1 pair of gloves "Emesuadu" {rPois rC+ Regen+}
Will    +....                   B - +2 pair of boots of Aqeoxzos {rPois Int+7}
Stlth   ..........              b - amulet of magic regeneration
HPRegen 0.00/turn               k - +6 ring of dexterity
MPRegen 0.62/turn               s - ring of willpower

@: unable to drink, unable to hop, sick, very heavily drained, slow
A: amphibious, slowness 1, inability to drink while threatened, no stealth,
hated by all, weak-willed 1, inexperienced 1, strong legs 2, +LOS
}: 1/15 runes: decaying
a: Hop, Renounce Religion, Draw Out Power, Power Leap, Apocalypse


You were on level 2 of the Vaults.
You worshipped Ru.
Ru was exalted by your worship.
You visited 6 branches of the dungeon, and saw 30 of its levels.
You visited the Abyss 1 time.
You visited 1 bazaar.
You also visited: Volcano and Wizlab.

You collected 3498 gold pieces.
You spent 2102 gold pieces at shops.

Inventory:

Hand Weapons
 E - a +2 longbow of freezing (weapon)
 T - a +2 vorpal longbow
Armour
 a - a scarf of resistance
 e - the +1 pair of gloves "Emesuadu" (worn) {rPois rC+ Regen+}
   (You acquired it on level 2 of the Dungeon)

   rC:        It protects you from cold.
   rPois:     It protects you from poison.
   Regen:     It increases your rate of health regeneration.
 q - a +2 cloak (worn)
 x - a +0 helmet of see invisible
 B - the +2 pair of boots of Aqeoxzos (worn) {rPois Int+7}
   (You found it on level 8 of the Dungeon)

   Int:       It affects your intelligence (+7).
   rPois:     It protects you from poison.
 H - +1 storm dragon scales
 Q - a +1 ring mail of fire resistance (worn)
 S - the +1 hat of Hairiness (worn) {Str+4}
   (You found it on level 11 of the Dungeon)

   Str:       It affects your strength (+4).
Jewellery
 b - an amulet of magic regeneration (around neck)
 k - a +6 ring of dexterity (left hand)
 s - a ring of willpower (right hand)
 N - a +6 ring of intelligence
 O - a ring of flight
 U - an amulet of the acrobat
Wands
 h - a wand of paralysis (28)
 r - a wand of mindburst (17)
 y - a wand of flame (73)
 F - a wand of iceblast (42)
 G - a wand of polymorph (10)
 K - a wand of acid (4)
Scrolls
 c - 4 scrolls of immolation
 d - 4 scrolls of vulnerability
 n - 2 scrolls of enchant armour
 t - 2 scrolls of silence
 u - 4 scrolls of teleportation {@r4}
 v - 3 scrolls of magic mapping
 w - a scroll of brand weapon
 A - 6 scrolls of amnesia
 I - a scroll of summoning
 L - 2 scrolls of fog
 R - 12 scrolls of identify {@r1}
Potions
 f - 13 potions of curing {@q1}
 g - 5 potions of mutation
 i - 8 potions of haste {@q3}
 j - 6 potions of cancellation
 l - 7 potions of flight
 m - a potion of berserk rage
 o - a potion of invisibility
 p - a potion of ambrosia {unknown}
 z - 2 potions of brilliance
 C - 2 potions of might
 D - 2 potions of magic
 J - 8 potions of heal wounds {@q2}
 M - 2 potions of attraction
 P - 4 potions of resistance


   Skills:
 + Level 15.1 Fighting
 + Level 17.8 Bows
 + Level 12.2 Armour
 - Level 9.5 Dodging
 + Level 10.3 Spellcasting
 - Level 6.6 Hexes
 - Level 12.6 Necromancy
 - Level 6.6 Translocations
 - Level 12.1 Transmutations
 - Level 8.0 Earth Magic
 - Level 12.1 Poison Magic


You had 20 spell levels left.
You knew the following spells:

 Your Spells              Type           Power      Damage    Failure   Level
a - Portal Projectile     Hex/Tloc       66%        N/A       2%          3
b - Borgnjor's Vile Clut  Necr/Erth      23%        N/A       4%          5
c - Eringya's Noxious Bo  Tmut/Pois      26%        N/A       12%         6
d - Passwall              Tmut/Erth      37%        N/A       1%          2

Your spell library contained the following spells:

 Spells                   Type           Power      Damage    Failure   Level
 Pain                     Necr           100%       1d9       1%          1
 Sandblast                Erth           76%        2d16      1%          1
 Slow                     Hex            100%       N/A       1%          1
 Vampiric Draining        Necr           53%        2d9       1%          3
 Olgreb's Toxic Radiance  Pois           52%        N/A       1%          4
 Agony                    Necr           53%        N/A       1%          5
 Excruciating Wounds      Necr           26%        N/A       1%          5
 Confusing Touch          Hex            33%        N/A       2%          3
 Anguish                  Hex/Necr       21%        N/A       2%          4
 Alistair's Intoxication  Tmut/Pois      34%        N/A       2%          5
 Blade Hands              Tmut           26%        N/A       2%          5
 Mephitic Cloud           Conj/Pois/Air  23%        N/A       7%          3
 Stone Arrow              Conj/Erth      46%        3d9       7%          3
 Cause Fear               Hex            16%        N/A       8%          4
 Inner Flame              Hex/Fire       21%        N/A       9%          3
 Ice Form                 Ice/Tmut       31%        N/A       10%         4
 Magic Dart               Conj           36%        1d4       12%         1
 Frozen Ramparts          Ice            18%        1d3       34%         3
 Ozocubu's Armour         Ice            9%         N/A       34%         3
 Metabolic Englaciation   Hex/Ice        10%        N/A       63%         5
 Enfeeble                 Hex            16%        N/A       100%        7
 Ozocubu's Refrigeration  Ice            4%         4d5       100%        7
 Discord                  Hex            16%        N/A       100%        8
 Ignition                 Fire           4%         3d4       100%        8
 Tukima's Dance           Hex            Unusable   N/A       N/A         3
 Call Imp                 Summ           Unusable   N/A       N/A         2
 Summon Ice Beast         Ice/Summ       Unusable   N/A       N/A         4
 Simulacrum               Ice/Necr       Unusable   N/A       N/A         6

Dungeon Overview and Level Annotations

Branches:
Dungeon (15/15)            Temple (1/1) D:4            Lair (6/6) D:8
  Swamp (4/4) Lair:4       Spider (0/4) Lair:2        Slime (0/5) Lair:6
    Orc (2/2) D:12            Elf (0/3) Orc:2        Vaults (2/5) D:13
  Crypt (0/3) Vaults:2     Depths (0/4) D:15        Volcano (visited)
 WizLab (visited)

Altars:
Ashenzari
Cheibriados
Dithmenos
Elyvilon
Fedhas
Gozag
Hepliaklqana
Kikubaaqudgha
Makhleb
Nemelex Xobeh
Okawaru
Qazlal
Ru
Sif Muna
Trog
Uskayaw
Vehumet
Wu Jian
Xom
Yredelemnul
Zin
The Shining One
Beogh
Jiyva

Shops:
D:2 [   Orc:2 =[*(   Vaults:1 (!?![

Portals:
Abyss: D:3

Annotations:
Lair:5 exclusion: oklob plant
Swamp:1 1 runed translucent door, Nism's ghost, journeyman DsHu
Swamp:2 3 runed translucent doors, Efairey's ghost, adept DsGl
Swamp:3 3 runed translucent doors, Efairey's ghost, adept DsGl


Innate Abilities, Weirdness & Mutations

You are amphibious.
You cover ground slowly.
You sometimes lose the ability to drink potions when taking damage.
You cannot be stealthy.
You are hated by all.
You are slightly weak-willed. (Will-)
You are somewhat inexperienced. (-2 XL)
You can hop long distances.
You have an extended range of vision and can be seen from far away.


Message History

You shoot an arrow.
The arrow closely misses the blizzard demon.
Your surroundings suddenly seem different.
An ironbound preserver and 5 deep trolls come into view.
The deep troll shouts! x4; You hear a shout!
The ironbound preserver begins to cast a spell, but is stunned by your conviction!
An ironbound preserver comes into view. It is wielding a +0 dire flail.
As you read the scroll of teleportation {@r4}, it crumbles to dust.
You feel strangely unstable.
The ironbound preserver shouts!
The ironbound preserver begins to cast a spell, but is stunned by your conviction!
You can drink potions again.
Shoot: E) +2 longbow (freeze)
Press: ? - help, Shift-Dir - straight line, f - deep troll
Aim: a deep troll (76% to hit)
You shoot an arrow. The arrow hits the deep troll!
The arrow freezes the deep troll.
The deep troll is moderately wounded.
A deep troll comes into view.
The ironbound preserver gestures wildly while chanting.
The ironbound preserver begins to accept its allies' injuries.
Shoot: E) +2 longbow (freeze)
Press: ? - help, Shift-Dir - straight line, f/p - deep troll
Aim: a deep troll (moderately wounded, sheltered from injuries, 76% to hit)
You shoot an arrow. The arrow hits the deep troll!
The arrow freezes the deep troll.
The deep troll is heavily wounded.
Your surroundings suddenly seem different.
A vault warden, 4 yaktaurs, a wizard and 2 ugly things come into view.
The vault warden is wielding a +2 bardiche of freezing.
Found a stone staircase leading down.
The yaktaur shouts! x2; The red ugly thing gurgles horribly!
The cyan ugly thing gurgles horribly!
The yaktaur wields a +0 arbalest.
The yaktaur shoots a bolt.
The bolt hits you!
You feel threatened and lose the ability to drink potions!
* * * LOW HITPOINT WARNING * * *
The yaktaur wields a +0 arbalest.
The yaktaur shoots a bolt.
The bolt misses you.
The yaktaur wields a +0 arbalest.
The yaktaur shoots a bolt.
The bolt hits you!!
You die...

#### ...#
##########
..#.
#...u..c.#
.#.
#..p.>...#
#..#.....u..#
#..#.c..c...#
#..'........#
#@...cp..#
##########


You could see a vault warden, 2 ugly things, 4 yaktaurs and a wizard.

Vanquished Creatures
  An ancient lich (Vaults:1)
  Jorgrun (Swamp:3)
  2 tentacled monstrosities (Swamp:2)
  2 deep elf master archers (WizLab)
  Gastronok (Lair:3)
  An Executioner (Abyss:4)
  Kirke (Lair:4)
  A revenant (Vaults:2)
  4 thorn hunters
  5 fenstrider witches
  2 orc warlords
  5 vault wardens
  5 ghouls
  A curse skull (Vaults:2)
  3 ironbound preservers (Vaults:1)
  A stone giant (Vaults:2)
  Nessos (D:14)
  A deep elf annihilator (Vaults:2)
  6 eleionomae
  8 bunyips
  8 dire elephants
  Josephine (Lair:4)
  Snorg (D:10)
  6 shambling mangroves
  2 yaktaur captains (Vaults:1)
  2 great orbs of eyes
  Fannar (D:12)
  2 ghost crabs
  A vault guard (Vaults:2)
  25 hydras
  2 boulder beetles
  Erolcha (Orc:2)
  6 two-headed ogres
  3 ironbound frosthearts (Vaults:1)
  Erica (D:10)
  8 centaur warriors
  2 satyrs (WizLab)
  13 alligators
  5 death yaks (Lair:2)
  2 tengu warriors (D:14)
  4 orc high priests
  3 spriggans
  Urug (Lair:2)
  5 thrashing horrors
  Nergalle (Lair:2)
  2 wretched stars
  Sonja (Lair:1)
  7 skeletal warriors
  A spatial maelstrom (Abyss:2)
  10 deep trolls (Vaults:1)
  A death drake (Swamp:2)
  9 goliath frogs
  6 spriggan druids
  6 bog bodies
  An orb spider (Lair:2)
  3 glowing orange brains
  A deep elf archer (D:14)
  5 large abominations
  18 swamp dragons
  5 lindwurms
  A deep elf pyromancer (D:11)
  A wizard (D:13)
  3 necromancers
  8 orc knights
  7 ironbound convokers
  2 anaconda skeletons (Volcano)
  An oklob plant (WizLab)
  4 cyclopes
  A mana viper (shapeshifter) (D:14)
  6 will-o-the-wisps
  8 ugly things
  A salamander (D:15)
  5 orc sorcerers (Orc:2)
  3 manticores
  6 fauns (WizLab)
  A manticore (shapeshifter) (D:14)
  A stone giant skeleton (Vaults:1)
  Maurice (D:10)
  11 elephants (Lair:6)
  2 black mambas
  Joseph (D:7)
  A torpor snail (Lair:3)
  2 smoke demons
  15 cane toads
  A yaktaur zombie (Vaults:1)
  5 gargoyles (Volcano)
  3 vault sentinels
  An orange demon (Abyss:2)
  Maggie (Lair:2)
  A kobold demonologist (D:14)
  2 unseen horrors
  3 freezing wraiths
  6 komodo dragons
  2 rime drakes
  5 ancient zymes
  17 yaktaurs
  A meliai (shapeshifter) (D:13)
  2 trolls
  A wind drake (shapeshifter) (D:15)
  29 blink frogs (Lair:6)
  9 raiju
  15 tyrant leeches
  15 hornets
  7 slime creatures
  A human simulacrum (Vaults:1)
  3 harpy skeletons (Volcano)
  3 flying skulls (Volcano)
  A shadow (D:12)
  A ynoxinul (Abyss:3)
  8 wraiths
  39 yaks
  A human (shapeshifter) (D:15)
  A vampire (D:13)
  7 hogs (Lair:4)
  8 wyverns
  6 basilisks
  An alligator skeleton (Volcano)
  5 steam dragons
  9 vampire mosquitoes
  2 neqoxecs
  3 wargs (Orc:2)
  The ghost of bande the Covered, an amateur GrFi (D:3)
  20 swamp worms
  3 acid dragons
  12 water moccasins
  Duvessa (D:6)
  7 swamp drakes
  4 sky beasts
  30 orc warriors
  3 black bears
  An elephant zombie (Lair:5)
  4 ice beasts
  3 centaurs
  6 ogres
  14 wolves
  4 small abominations
  3 phantoms
  A komodo dragon zombie (Lair:5)
  2 kobold brigands
  19 bullfrogs
  4 necrophages
  3 gnoll sergeants
  2 scorpions
  4 wights (D:9)
  Dowan (D:6)
  16 killer bees
  A spriggan skeleton (Volcano)
  2 troll skeletons (Volcano)
  4 howler monkeys
  4 electric eels
  6 hounds
  14 orc priests
  2 jellies
  A gnoll shaman (D:8)
  4 iguanas
  An iron imp (Abyss:4)
  23 orc wizards
  2 hell rats (Lair:2)
  A naga skeleton (Volcano)
  14 gnolls
  6 adders
  6 river rats (Lair:2)
  4 white imps
  2 ufetubi (D:5)
  4 dart slugs
  99 orcs
  9 ball pythons
  3 endoplasms
  5 giant cockroaches
  4 goblins
  10 hobgoblins
  3 quokkas
  3 bats
  4 frilled lizards
  23 kobolds
  17 rats
  A bush (WizLab)
1001 creatures vanquished.

Vanquished Creatures (others)
  A deep elf master archer (WizLab)
  A bunyip (Swamp:2)
  A deep troll (Vaults:1)
  An anaconda skeleton (Volcano)
  A sphinx zombie (Vaults:1)
  A manticore (D:15)
  A troll (Orc:1)
  A slime creature (D:14)
  A yak (Lair:3)
  A wraith (Lair:4)
  A vampire mosquito (Lair:6)
  An acid dragon (D:13)
  A centaur (D:10)
  An orc wizard (D:12)
  An orc (D:9)
  A rat (Lair:2)
  A bush (WizLab)
  17 foxfires
  46 fungi
  101 plants
181 creatures vanquished.

Grand Total: 1182 creatures vanquished

Notes
Turn   | Place    | Note
-------+----------+-------------------------------------------
     0 | D:1      | freelancePsychic the Barachi Hunter began the quest for the
                  | Orb.
     0 | D:1      | Reached XP level 1. HP: 17/17 MP: 1/1
   214 | D:1      | Reached XP level 2. HP: 23/23 MP: 2/2
   423 | D:1      | Reached XP level 3. HP: 28/29 MP: 3/3
   655 | D:2      | Found a hide-covered altar of Uskayaw.
   771 | D:2      | Found Yseebias's Antique Armour Emporium.
   901 | D:2      | Found a faded altar of an unknown god.
  1170 | D:3      | Noticed a black bear
  1182 | D:3      | HP: 2/43 [black bear (3)]
  1183 | D:3      | Killed a black bear
  1184 | D:3      | Reached skill level 5 in Bows
  1184 | D:3      | Reached XP level 4. HP: 2/37 MP: 4/4
  1184 | D:3      | Reached XP level 5. HP: 3/42 MP: 5/5
  1427 | D:3      | Found a transporter.
  1477 | D:3      | Noticed bande's ghost (amateur GrFi)
  1508 | D:3      | Found a one-way gate to the infinite horrors of the Abyss.
  1512 | D:3      | Found a transporter.
  1521 | D:3      | Noticed a small abomination
  1787 | D:3      | Reached skill level 6 in Bows
  2153 | D:4      | Reached XP level 6. HP: 42/49 MP: 6/6
  2442 | D:4      | Found a staircase to the Ecumenical Temple.
  2448 | Temple   | Entered the Ecumenical Temple
  2681 | Temple   | Became a worshipper of Ru the Awakened
  2746 | D:4      | Reached skill level 5 in Fighting
  3257 | D:5      | Entered Level 5 of the Dungeon
  3262 | D:5      | Reached skill level 7 in Bows
  3262 | D:5      | Reached XP level 7. HP: 56/56 MP: 7/7
  3580 | D:5      | Reached skill level 8 in Bows
  3709 | D:5      | Reached XP level 8. HP: 65/65 MP: 8/8
  3716 | D:5      | Gained mutation: You are hated by all. [Ru sacrifice]
  3716 | D:5      | Reached * piety under Ru
  4102 | D:6      | Noticed Dowan
  4154 | D:6      | Noticed Duvessa
  4365 | D:6      | Killed Duvessa
  4369 | D:6      | Killed Dowan
  4370 | D:6      | Reached skill level 9 in Bows
  4765 | D:2      | Bought a runed helmet for 232 gold pieces
  4772 | D:2      | Identified a scroll of acquirement
  4772 | D:2      | Acquired the +1 pair of gloves "Emesuadu" {rPois rC+
                  | Regen+}
  4889 | D:6      | Found a glowing golden altar of the Shining One.
  4954 | D:6      | Identified the +11 scimitar "Cowumigo" {drain, rN+ Str-5
                  | Dex+4}
  5005 | D:6      | Reached skill level 10 in Bows
  5005 | D:6      | Reached XP level 9. HP: 53/74 MP: 9/9
  5377 | D:7      | Reached skill level 1 in Armour
  5420 | D:7      | You fall into a shaft and drop 1 floor!
  5469 | D:8      | Reached skill level 11 in Bows
  5702 | D:8      | Reached XP level 10. HP: 83/83 MP: 10/10
  5742 | D:8      | Identified the +2 pair of boots of Aqeoxzos {rPois Int+7}
  5776 | D:8      | Found a staircase to the Lair.
  6022 | D:8      | Found a hide-covered altar of Uskayaw.
  6069 | D:8      | Gained mutation: You are slightly weak-willed. (Will-) [Ru
                  | sacrifice]
  6069 | D:8      | Reached ** piety under Ru
  6069 | D:8      | Reached *** piety under Ru
  6259 | D:9      | Noticed a two-headed ogre
  6262 | D:9      | Noticed a centaur warrior
  6272 | D:8      | Killed a two-headed ogre
  6273 | D:8      | Reached skill level 12 in Bows
  6302 | D:9      | Killed a centaur warrior
  6303 | D:9      | Reached skill level 10 in Fighting
  6303 | D:9      | Reached skill level 5 in Armour
  6647 | D:7      | Noticed Joseph
  6657 | D:7      | Killed Joseph
  6658 | D:7      | Reached skill level 13 in Bows
  6975 | D:9      | Reached XP level 11. HP: 92/92 MP: 11/11
  7047 | D:9      | Noticed a two-headed ogre
  7060 | D:9      | Killed a two-headed ogre
  7197 | D:9      | Noticed a two-headed ogre
  7202 | D:9      | Killed a two-headed ogre
  7209 | D:9      | Gained mutation: You are somewhat inexperienced. (-2 XL)
                  | [Ru sacrifice]
  7209 | D:9      | Reached XP level 10. HP: 88/88 MP: 10/10
  7209 | D:9      | Reached XP level 9. HP: 81/81 MP: 9/9
  7209 | D:9      | Reached **** piety under Ru
  7209 | D:9      | Reached ***** piety under Ru
  7355 | D:10     | Entered Level 10 of the Dungeon
  7386 | D:10     | Noticed a two-headed ogre
  7395 | D:10     | Killed a two-headed ogre
  7493 | D:10     | Found a snail-covered altar of Cheibriados.
  7524 | D:10     | Noticed Snorg
  7534 | D:10     | Killed Snorg
  7535 | D:10     | Reached skill level 14 in Bows
  7772 | D:10     | Noticed Erica
  7779 | D:10     | Killed Erica
  7821 | D:10     | Noticed Maurice
  7830 | D:10     | Killed Maurice
  8206 | D:3      | Killed bande's ghost
  8263 | D:3      | Learned a level 3 spell: Portal Projectile
  8383 | Lair:1   | Entered Level 1 of the Lair of Beasts
  8440 | Lair:1   | Noticed Sonja
  8446 | Lair:1   | Killed Sonja
  8447 | Lair:1   | Reached skill level 1 in Hexes
  8447 | Lair:1   | Reached skill level 1 in Translocations
  8447 | Lair:1   | Reached XP level 10. HP: 89/89 MP: 10/10
  8511 | Lair:1   | Noticed a five-headed hydra
  8517 | Lair:1   | Killed a five-headed hydra
  8551 | Lair:1   | Noticed a five-headed hydra
  8562 | Lair:1   | Killed a five-headed hydra
  9022 | Lair:2   | Gained mutation: You cannot be stealthy. [Ru sacrifice]
  9025 | Lair:2   | Noticed Maggie
  9035 | Lair:2   | Killed Maggie
  9035 | Lair:2   | Noticed Urug
  9062 | Lair:2   | Killed Urug
  9129 | Lair:2   | Reached skill level 15 in Bows
  9189 | Lair:2   | Found a hole to the Spider Nest.
  9339 | Lair:2   | Noticed a death yak
  9349 | Lair:2   | Noticed a death yak
  9352 | Lair:2   | Killed a death yak
  9355 | Lair:2   | Noticed a death yak
  9356 | Lair:2   | Noticed a death yak
  9357 | Lair:2   | Noticed a death yak
  9369 | Lair:2   | Killed a death yak
  9369 | Lair:2   | Killed a death yak
  9375 | Lair:2   | Killed a death yak
  9376 | Lair:2   | Killed a death yak
  9491 | Lair:2   | Reached skill level 5 in Dodging
  9846 | Lair:2   | Reached skill level 1 in Spellcasting
  9906 | Lair:2   | Noticed a five-headed hydra
  9915 | Lair:2   | Killed a five-headed hydra
  9934 | Lair:2   | Noticed Nergalle
  9943 | Lair:2   | Killed Nergalle
  9944 | Lair:2   | Reached skill level 5 in Hexes
  9944 | Lair:2   | Reached skill level 5 in Translocations
  9944 | Lair:2   | Reached XP level 11. HP: 92/95 MP: 6/13
 10354 | Lair:2   | Gained mutation: You sometimes lose the ability to drink
                  | potions when taking damage. [Ru sacrifice]
 10354 | Lair:2   | Reached ****** piety under Ru
 10433 | Lair:3   | Reached skill level 16 in Bows
 10623 | Lair:3   | Noticed Gastronok
 10645 | Lair:3   | Killed Gastronok
 11026 | Lair:4   | Found a shimmering altar of Xom.
 11046 | Lair:4   | Noticed Josephine
 11062 | Lair:4   | Killed Josephine
 11173 | Lair:4   | Found a staircase to the Swamp.
 11214 | Lair:4   | You fall into a shaft and drop 2 floors!
 11214 | Lair:6   | Entered Level 6 of the Lair of Beasts
 11467 | Lair:6   | Reached skill level 5 in Spellcasting
 11544 | Lair:6   | Reached XP level 12. HP: 67/93 MP: 9/20
 11954 | Lair:6   | Found a staircase to the Slime Pits.
 12150 | Lair:6   | Identified the +0 chain mail of the Marlin {rN+}
 12429 | Lair:5   | Found a dark tunnel.
 12438 | Volcano  | Entered a volcano
 13565 | Lair:5   | Reached skill level 10 in Armour
 14358 | Lair:4   | Noticed Kirke
 14367 | Lair:4   | Killed Kirke
 15406 | D:11     | Identified the +1 hat of Hairiness {Str+4}
 16173 | D:12     | Found a staircase to the Orcish Mines.
 16300 | D:12     | Gained mutation: You can hop long distances. [Barachi
                  | growth]
 16300 | D:12     | Reached XP level 13. HP: 114/114 MP: 22/22
 16642 | D:12     | Noticed Fannar
 16649 | D:12     | Killed Fannar
 16932 | D:13     | Found a shimmering altar of Xom.
 16933 | D:13     | Found a shimmering altar of Xom.
 17106 | D:13     | Found a gate to the Vaults.
 17239 | D:13     | Found a gateway to a bazaar.
 17250 | Bazaar   | Entered a bazaar
 17250 | Bazaar   | Found Gumeqer's General Store.
 17250 | Bazaar   | Found Zafotwau's Distillery.
 17250 | Bazaar   | Found Behih's Distillery.
 17250 | Bazaar   | Found Ufuugina's General Store.
 17250 | Bazaar   | Found Wiruhem's Weapon Emporium.
 17250 | Bazaar   | Found Gaots's Book Shoppe.
 17272 | Bazaar   | Bought Great Wizards, Vol. II for 760 gold pieces
 17276 | Bazaar   | Bought a potion of heal wounds for 55 gold pieces
 17276 | Bazaar   | Bought a potion of curing for 33 gold pieces
 17276 | Bazaar   | Bought a potion of haste for 110 gold pieces
 17284 | Bazaar   | Bought a potion of heal wounds for 35 gold pieces
 17284 | Bazaar   | Bought a potion of heal wounds for 35 gold pieces
 17284 | Bazaar   | Bought a potion of heal wounds for 35 gold pieces
 17284 | Bazaar   | Bought a potion of haste for 70 gold pieces
 17284 | Bazaar   | Bought a potion of invisibility for 56 gold pieces
 17284 | Bazaar   | Bought a potion of curing for 21 gold pieces
 17284 | Bazaar   | Bought a potion of brilliance for 28 gold pieces
 17291 | Bazaar   | Bought a scroll of fear for 45 gold pieces
 17576 | D:14     | Reached skill level 1 in Necromancy
 17623 | D:14     | Noticed Nessos
 17634 | D:14     | Killed Nessos
 17635 | D:14     | Reached skill level 1 in Earth Magic
 17636 | D:14     | Reached skill level 17 in Bows
 17810 | D:14     | Learned a level 5 spell: Borgnjor's Vile Clutch
 17895 | D:14     | Reached skill level 5 in Necromancy
 18277 | D:15     | Entered Level 15 of the Dungeon
 18674 | D:15     | Found a staircase to the Depths.
 18956 | D:15     | Paralysed by a great orb of eyes for 6 turns
 19003 | D:15     | Found Oggeef's Antique Armour Boutique.
 19631 | Orc:1    | Entered Level 1 of the Orcish Mines
 19822 | Orc:2    | Entered Level 2 of the Orcish Mines
 19822 | Orc:2    | Noticed Erolcha
 19831 | Orc:2    | Killed Erolcha
 19956 | Orc:2    | Noticed an orc warlord
 19957 | Orc:2    | Found Apuaseil's General Store.
 19964 | Orc:2    | Killed an orc warlord
 19965 | Orc:2    | Reached XP level 14. HP: 99/111 MP: 18/23
 20018 | Orc:2    | Found a staircase to the Elven Halls.
 20138 | Orc:2    | Found Cankuel's Jewellery Shoppe.
 20220 | Orc:2    | Found Nuetoz's Antique Armour Emporium.
 20239 | Orc:2    | Reached skill level 5 in Earth Magic
 20298 | Orc:2    | Found Tippeitz's Antique Weapon Shop.
 20336 | Orc:2    | Paralysed by an orc sorcerer for 6 turns
 20855 | D:2      | Bought a runed scarf for 248 gold pieces
 21092 | Swamp:1  | Entered Level 1 of the Swamp
 21113 | Swamp:1  | Reached skill level 10 in Necromancy
 21366 | Swamp:1  | Noticed a thorn hunter
 21371 | Swamp:1  | Killed a thorn hunter
 21499 | Swamp:1  | Found a runed translucent door.
 21499 | Swamp:1  | Found a shimmering altar of Xom.
 21499 | Swamp:1  | Noticed Nism's ghost (journeyman DsHu)
 21499 | Swamp:1  | Identified the +10 great mace of Wousinko {chaos, rElec}
 21908 | Swamp:2  | Noticed a thorn hunter
 21908 | Swamp:2  | Noticed a tentacled monstrosity
 21908 | Swamp:2  | Found a runed translucent gate.
 21908 | Swamp:2  | Found a runed translucent gate.
 21908 | Swamp:2  | Found a runed translucent gate.
 21917 | Swamp:2  | Noticed Efairey's ghost (adept DsGl)
 22557 | Swamp:2  | Noticed a fenstrider witch
 22562 | Swamp:2  | Killed a fenstrider witch
 22709 | Swamp:2  | Noticed a tentacled monstrosity
 22718 | Swamp:2  | Killed a tentacled monstrosity
 22724 | Swamp:2  | Reached XP level 15. HP: 97/127 MP: 22/28
 22731 | Swamp:2  | Reached skill level 1 in Transmutations
 22731 | Swamp:2  | Reached skill level 1 in Poison Magic
 22912 | Swamp:2  | Learned a level 6 spell: Eringya's Noxious Bog
 23026 | Swamp:3  | Found a runed translucent gate.
 23027 | Swamp:3  | Acquired a book of Geomancy
 23036 | Swamp:3  | Found a runed translucent gate.
 23037 | Swamp:3  | Found a runed translucent gate.
 23042 | Swamp:3  | Noticed Jorgrun
 23087 | Swamp:2  | Paralysed by a fenstrider witch for 7 turns
 23387 | Swamp:3  | Killed Jorgrun
 23410 | Swamp:3  | Noticed Efairey's ghost (adept DsGl)
 23874 | Swamp:3  | Reached skill level 10 in Spellcasting
 24076 | Swamp:3  | Learned a level 2 spell: Passwall
 24079 | Swamp:4  | Entered Level 4 of the Swamp
 24090 | Swamp:3  | Reached skill level 5 in Transmutations
 24105 | Swamp:4  | Reached skill level 5 in Poison Magic
 24910 | Swamp:4  | Got a decaying rune of Zot
 25041 | Swamp:2  | Noticed a tentacled monstrosity
 25053 | Swamp:2  | Killed a tentacled monstrosity
 25301 | Vaults:1 | Entered Level 1 of the Vaults
 25301 | Vaults:1 | Found Zusutepu's Distillery.
 25301 | Vaults:1 | Found Juelac's Magic Scroll Shop.
 25307 | Vaults:1 | Bought a potion of heal wounds for 70 gold pieces
 25307 | Vaults:1 | Bought a potion of magic for 112 gold pieces
 25307 | Vaults:1 | Bought a potion of cancellation for 112 gold pieces
 25398 | Vaults:1 | Bought a scroll of teleportation for 45 gold pieces
 25419 | Vaults:1 | Reached XP level 16. HP: 134/134 MP: 24/30
 25578 | Vaults:1 | Found Qymu Izai's Antique Armour Emporium.
 25870 | Vaults:1 | Found a magical portal.
 25906 | WizLab   | Entered Eringya's Formal Garden
 26189 | WizLab   | Reached skill level 10 in Transmutations
 26189 | WizLab   | Reached skill level 10 in Poison Magic
 26243 | WizLab   | Paralysed by a fenstrider witch for 2 turns
 26319 | WizLab   | Noticed a deep elf master archer
 26323 | WizLab   | Noticed a deep elf master archer
 26326 | WizLab   | Killed a deep elf master archer
 26327 | WizLab   | Killed a deep elf master archer
 26332 | WizLab   | Noticed a deep elf master archer
 26335 | WizLab   | Killed a deep elf master archer
 26767 | Vaults:1 | Identified the +0 helmet "Tiot" {Int-5 Dex+9}
 26853 | Vaults:1 | Found Vunoukh's Weapon Boutique.
 27007 | Vaults:1 | Noticed an ancient lich
 27017 | Vaults:1 | Killed an ancient lich
 27086 | Vaults:1 | Found Tiakkeh's Distillery.
 28103 | Vaults:2 | Found a staircase to the Crypt.
 28111 | Vaults:2 | Reached skill level 15 in Fighting
 28232 | Vaults:2 | Reached XP level 17. HP: 118/131 MP: 24/31
 28382 | Vaults:2 | Cast into level 2 of the Abyss (a wizard)
 28382 | Abyss:2  | Found a corrupted altar of Lugonu.
 28449 | Abyss:2  | Noticed a hellephant
 28816 | Abyss:4  | Noticed a hellephant
 28966 | Vaults:2 | Escaped the Abyss
 28979 | Vaults:2 | Shot with a bolt by a yaktaur

Illustrated notes

Levels and vault maps discovered:
D:1:      minmay_arrival_hallway, layout_basic, serial_bayou_lagoon_a
D:2:      layout_rooms, basic_altar,
          dreamdust_ecumenical_altar_angels_and_demons, serial_shops, shop_coins
D:3:      layout_loops_cross, gammafunk_ghost_abyssal_escape
D:4:      layout_basic, minmay_temple_entry_gardened_gates,
          grunt_decor_arrowhead, minmay_increasing_density
D:5:      layout_cave_pools
D:6:      minmay_thinvault, layout_basic, amcnicky_altar_gilded, uniq_duvessa
D:7:      layout_rooms, hex_medium, uniq_joseph
D:8:      layout_basic, nicolae_overflow_crystal_walls, lair_entry_dummy,
          minmay_misc_feat_cross, hangedman_misty_isle
D:9:      hellmonk_destroyed_diamonds, layout_cave_pools
D:10:     layout_cave_pools, cheibriados_altar_1, serial_column_ruins,
          column_ruins_open_tiny, column_ruins_columns_straight,
          column_ruins_open_tiny, column_ruins_columns_corner,
          grunt_ministairs_3, uniq_erica, uniq_snorg, uniq_maurice
D:11:     layout_roguey, special_room [special_room_orc], chequers_arboretum,
          billiards_dpeg
D:12:     layout_roguey, hiddenorc2_lemuel, uniq_fannar
D:13:     layout_roguey, david_vaults_1, serial_shops, bzr_entry_safe,
          xom_redecorated
D:14:     layout_gridville, nrook_campfire, uniq_nessos
D:15:     hangedman_depths_entry_try_elsewhere_first, layout_rooms,
          hangedman_abyss_or_decor_passed, serial_shops, nicolae_square_shop,
          serial_aquarium, aquarium_bridge_straight [aquarium_subvault_bridge,
          aquarium_subvault_window, aquarium_subvault_bridge,
          aquarium_subvault_wall], aquarium_bridge_long_joined
          [aquarium_subvault_window, aquarium_subvault_wall,
          aquarium_subvault_window, aquarium_subvault_bridge,
          aquarium_subvault_bridge, aquarium_subvault_bridge],
          aquarium_window_2, aquarium_window_fake, aquarium_window_fake,
          aquarium_view_2d, aquarium_view_4, aquarium_balcony_1b
Temple:   mainiacjoe_temple_bowtie_tessellation
Lair:1:   layout_roguey, uniq_sonja
Lair:2:   layout_cave_pods, nicolae_spider_entry_orb_guardian,
          kennysheep_abandoned_house, uniq_nergalle, uniq_urug, uniq_maggie
Lair:3:   layout_misc_corridors, evilmike_ambush [evilmike_ambush_outer_basic,
          evilmike_ambush_inner_basic], uniq_gastronok
Lair:4:   layout_cave_pods, swamp_mist, basic_altar, nicolae_lair_lil_pond,
          lemuel_fruit_tree, uniq_kirke, uniq_josephine
Lair:5:   pond_and_an_island_with_a_cottage, layout_long_grid,
          nicolae_volcano_entry_vermiform, tgw_fedhas
Lair:6:   minmay_lair_end_frog_pond, layout_hall_layers, slime_altar_1,
          eino_small_chamber_without_monster, chequers_serial_rivers_room_b
Swamp:1:  layout_basic_swamp, ebering_ghost_xom, hangedman_swamp_ruin_wall
Swamp:2:  nzn_winding_woodlands_medium [nzn_winding_woodlands_5x5_open_star,
          nzn_winding_woodlands_5x15_jagged, nzn_winding_woodlands_5x5_three,
          nzn_winding_woodlands_5x5_cross,
          nzn_winding_woodlands_center_pierced_h,
          nzn_winding_woodlands_5x5_default, nzn_winding_woodlands_5x5_default,
          nzn_winding_woodlands_5x15_parted,
          nzn_winding_woodlands_5x5_checkerboard], layout_basic_swamp,
          gammafunk_ghost_split, evilmike_swamp_ruin_house_4,
          nicolae_swamp_little_swirl
Swamp:3:  layout_basic_swamp, gammafunk_ghost_necromancy,
          nicolae_swamp_treefoil, swamp_pool2, uniq_jorgrun
Swamp:4:  swamp_alternative, layout_basic_swamp
Orc:1:    layout_caves, ebering_ghost_rock_garden, serial_shops,
          nicolae_shop_stone
Orc:2:    grunt_orc_gardens, layout_diamond_mine, grunt_orc_garden,
          grunt_orc_garden, grunt_orc_garden, grunt_orc_garden, basic_altar,
          uniq_erolcha
Vaults:1: mu_enter_wizlab_1, v_rooms_6, nicolae_vaults_lopsided_apartments,
          nicolae_vaults_border_crossing,
          nicolae_vaults_windows_and_doors_thing,
          nicolae_vaults_little_squares_6, vaults_room_door_ring,
          layout_vaults_omnicross, serial_shops, shop_statue, shop_fountains,
          nicolae_shop_crystal, nicolae_shop_bloodbath_and_beyond,
          nicolae_square_shop
Vaults:2: nicolae_vaults_sealed_display, vaults_room_stairs_pillars,
          ontoclasm_vaults_loading_screen, minmay_crypt_entry_simple_round,
          st_more_cells, nicolae_vaults_hallways_thing, vaults_dpeg_diagonal,
          vaults_room_grunt_arrival_checkpoint, ontoclasm_vaults_claustrophobia,
          v_misc_13, dpeg_vaults_monster_box, v_misc_29, v_misc_26,
          vaults_standard_mumra_x, v_alt_pattern_1, vaults_room_grid,
          layout_vaults_big_room

Skill      XL: |  1  2  3  4  5  6  7  8  9 10 11 12 13 14 15 16 |
---------------+-------------------------------------------------+-----
Fighting       | 3 4 5 6 8 12 10 11 14 15 | 15.1
Bows           | 5 6 7 8 10 14 15 16 17 | 17.8
Armour         | 8 6 7 11 12 | 12.2
Hexes          | 1 5 6 |  6.6
Translocations | 1 5 6 |  6.6
Dodging        | 5 8 9 |  9.5
Spellcasting   | 1 5 6 9 10 | 10.3
Necromancy     | 9 12 | 12.6
Earth Magic    | 4 8 |  8.0
Transmutations | 8 12 | 12.1
Poison Magic   | 8 12 | 12.1

Action                   |  1- 3 |  4- 6 |  7- 9 | 10-12 | 13-15 | 16-18 || total
-------------------------+-------+-------+-------+-------+-------+-------++-------
Melee: Shortbow          |       |       |     2 |       |       |       ||     2
       Unarmed           |       |       |       |     2 |       |       ||     2
       Longbow           |       |       |       |       |     1 |       ||     1
 Fire: Shortbow          |    72 |   137 |   450 |  1571 |   160 |       ||  2390
       Longbow           |       |       |       |       |  1036 |   488 ||  1524
 Cast: Portal Projectile |       |       |       |     4 |     1 |     2 ||     7
       Borgnjor's Vile C |       |       |       |       |   134 |    52 ||   186
       Eringya's Noxious |       |       |       |       |       |     9 ||     9
Invok: Sacrifice Love    |       |       |     1 |       |       |       ||     1
       Apocalypse        |       |       |     2 |    12 |    13 |     7 ||    34
       Sacrifice Experie |       |       |     1 |       |       |       ||     1
       Draw Out Power    |       |       |       |     1 |     4 |     1 ||     6
       Sacrifice Essence |       |       |       |     1 |       |       ||     1
       Sacrifice Stealth |       |       |       |     1 |       |       ||     1
       Sacrifice Drink   |       |       |       |     1 |       |       ||     1
       Power Leap        |       |       |       |       |     1 |       ||     1
 Abil: Hop               |     1 |       |     1 |     5 |     4 |     1 ||    12
Evoke: Wand              |       |       |       |     4 |     3 |       ||     7
  Use: Scroll            |     4 |       |     6 |    14 |    17 |     4 ||    45
       Potion            |     1 |     2 |       |       |       |     3 ||     6
Armor: Leather armour    |     2 |    15 |    66 |       |       |       ||    83
       Skin              |    16 |     7 |       |       |       |       ||    23
       Steam dragon scal |       |       |     5 |   143 |       |       ||   148
       Storm dragon scal |       |       |       |    93 |    77 |       ||   170
       Ring mail         |       |       |       |       |   162 |    91 ||   253
Dodge: Dodged            |    17 |    51 |   106 |   464 |   407 |   210 ||  1255

Table legend: (Time is in decaauts)
 A = Elapsed time spent in this place.
 B = Non-inter-level travel time spent in this place.
 C = Inter-level travel time spent in this place.
 D = Time resting spent in this place.
 E = Time spent auto-exploring this place.
 F = Levels seen in this place.
 G = Mean time per level.
                   A        B        C        D        E       F      G
               +--------+--------+--------+--------+--------+-----+--------+
         Total |  32526 |  29578 |   2948 |    954 |  21803 |  36 |  903.5 |
       Dungeon |  14797 |  12700 |   2097 |    276 |   9666 |  15 |  986.5 |
        Temple |    286 |    276 |     10 |      0 |    252 |   1 |  286.0 |
          Lair |   7214 |   6659 |    555 |    159 |   5352 |   6 | 1202.3 |
         Swamp |   4351 |   4224 |    127 |    195 |   2953 |   4 | 1087.8 |
  Orcish Mines |   1192 |   1096 |     96 |     57 |    713 |   2 |  596.0 |
        Vaults |   2485 |   2424 |     61 |     58 |   1861 |   2 | 1242.5 |
         Abyss |    625 |    625 |      0 |     19 |    265 |   3 |  208.3 |
        Bazaar |     56 |     56 |      0 |      0 |     24 |   1 |   56.0 |
       Volcano |    597 |    597 |      0 |     76 |    180 |   1 |  597.0 |
        Wizlab |    920 |    920 |      0 |    112 |    534 |   1 |  920.0 |
               +--------+--------+--------+--------+--------+-----+--------+

Top non-repeatable levels by time:
Vaults:1: 2091 daAuts
  Lair:2: 1532 daAuts
  Lair:4: 1424 daAuts
     D:4: 1418 daAuts
 Swamp:2: 1394 daAuts
  Lair:5: 1383 daAuts
     D:3: 1332 daAuts
 Swamp:3: 1237 daAuts
     D:8: 1232 daAuts
  Lair:6: 1179 daAuts
     D:5: 1139 daAuts
    D:15: 1134 daAuts
     D:6: 1130 daAuts
    D:11: 997 daAuts
    D:10: 980 daAuts
